 Dungeon Crawl Stone Soup version 0.17-a0-1945-gfe993df (webtiles) character file.

23 mcbry74 the Magician (level 2, -4/15 HPs)
             Began as a Deep Elf Wizard on Sept 30, 2015.
             Slain by a gnoll
             ... wielding a +0 spear
              (6 damage)
             ... on level 2 of the Dungeon.
             The game lasted 00:06:41 (1041 turns).

mcbry74 the Magician (Deep Elf Wizard)              Turns: 1041, Time: 00:06:41

Health: -4/15      AC:  5    Str:  4    XL:     2   Next: 72%
Magic:  0/10       EV:  9    Int: 22    God:
Gold:   35         SH:  0    Dex: 13    Spells: 4 memorised, 5 levels left

rFire  . . .     SeeInvis .     (no weapon)
rCold  . . .     Clarity  .     a - +0 robe
rNeg   . . .     SustAt   .     (no shield)
rPois  .         Gourm    .     b - +0 hat
rElec  .         Spirit   .     f - +0 cloak
rCorr  .         Warding  .     n - +1 pair of gloves
rMut   .         Stasis   .     (no boots)
MR     .....                    (no amulet)
Stlth  ++........               (no ring)
                                (no ring)

@: constricted, not resistant to hostile enchantments, unstealthy
A: no striking features
a: no special abilities


You were on level 2 of the Dungeon.
You were not hungry.

You visited 1 branch of the dungeon, and saw 2 of its levels.

You collected 35 gold pieces.

Inventory:

Armour
 a - a +0 robe (worn)
 b - a +0 hat (worn)
 f - a +0 cloak (worn)
 n - a +1 pair of gloves (worn)
Scrolls
 e - a scroll of fear
Potions
 g - a potion of cancellation {unknown}
 o - a potion of flight
Books
 c - a book of Minor Magic

   Spells                             Type                      Level
   a - Magic Dart                     Conjuration                  1
   b - Blink                          Translocation                2
   c - Call Imp                       Summoning                    2
   d - Repel Missiles                 Charms/Air                   2
   e - Slow                           Hexes                        2
   f - Conjure Flame                  Conjuration/Fire             3
   g - Mephitic Cloud                 Conjuration/Poison/Air       3
Comestibles
 d - a bread ration
 i - 2 meat rations


   Skills:
 + Level 2.4 Dodging
 * Level 2.7 Stealth
 * Level 5.5 Spellcasting
 + Level 1.2 Conjurations
 + Level 1.1 Summonings
 + Level 1.1 Translocations


You had 5 spell levels left.
You knew the following spells:

 Your Spells              Type           Power        Failure   Level  Hunger
a - Magic Dart            Conj           ##..         8%          1    None
b - Call Imp              Summ           ##......     12%         2    None
c - Blink                 Tloc           N/A          12%         2    None
d - Repel Missiles        Chrm/Air       #.....       17%         2    None


Dungeon Overview and Level Annotations

Branches:
Dungeon (2/15)

Altars:


Message History

Confirm with . or Enter, or press ? or * to list all spells.
Aiming: Magic Dart
Press: ? - help, Shift-Dir - straight line, f/p - gnoll
Aim: a gnoll, wielding a spear (heavily wounded)
The magic dart hits the ball python.
The ball python is moderately wounded.
The ball python bites you but does no damage.
* * * LOW HITPOINT WARNING * * *
The ball python constricts you. The gnoll barely misses you.
Casting: Magic Dart
Confirm with . or Enter, or press ? or * to list all spells.
Aiming: Magic Dart
Press: ? - help, Shift-Dir - straight line, f - ball python, p - gnoll
Aim: a ball python (moderately wounded, constricting you)
The magic dart hits the ball python.
The ball python is heavily wounded.
The ball python bites you but does no damage.
The ball python constricts you.
The gnoll hits you from afar with a spear.
You die...

#.....# #####
#.5...# #....
#.....# #..w?#
#.....# ##.....
#.#.#.# ...r...
#...#+#### .......
###......#
.......#####g.....#
#..@Sg.5......#
#..#####......# #..
#......# #..
#......# ###
########


You could see a worm, 2 gnolls, a ball python, a rat (sleeping) and a friendly
crimson imp.

Vanquished Creatures
  2 bats (D:1)
  4 goblins (D:1)
  3 hobgoblins (D:1)
  A quokka (D:2)
  2 giant newts (D:1)
  2 kobolds (D:1)
  2 rats (D:1)
16 creatures vanquished.

Vanquished Creatures (collateral kills)
  A gnoll (D:2)
1 creature vanquished.

Grand Total: 17 creatures vanquished

Notes
Turn   | Place    | Note
--------------------------------------------------------------
     0 | D:1      | mcbry74 the Deep Elf Wizard began the quest for the Orb.
     0 | D:1      | Reached XP level 1. HP: 10/10 MP: 7/7
   294 | D:1      | Reached skill level 5 in Spellcasting
   391 | D:1      | Reached XP level 2. HP: 15/15 MP: 8/10
   395 | D:1      | Learned a level 2 spell: Call Imp
   398 | D:1      | Learned a level 2 spell: Blink
   401 | D:1      | Learned a level 2 spell: Repel Missiles
  1041 | D:2      | Slain by a gnoll

Vault maps used:
D:1:      moated_graveyard_arrival

Action                   || total
-------------------------++-------
 Cast: Magic Dart        ||    40
       Call Imp          ||     2
  Use: Scroll            ||     5
       Potion            ||     1
